 Dungeon Crawl Stone Soup version 0.16.1-2-g95b8d4c (webtiles) character file.

1200 DogShitOnMyToe the Cleaver (level 8, -12/64 HPs)
             Began as a Minotaur Berserker on Mar 25, 2015.
             Was a Priest of Trog.
             Mangled by an ogre
             ... wielding a +0 giant spiked club
              (27 damage)
             ... on level 6 of the Dungeon.
             The game lasted 00:08:16 (3949 turns).

DogShitOnMyToe the Cleaver (Minotaur Berserker)     Turns: 3949, Time: 00:08:16

Health: -12/64     AC:  8    Str: 23    XL:     8   Next: 21%
Magic:  3/3        EV:  8    Int:  4    God:    Trog [***...]
Gold:   229        SH:  0    Dex: 11    Spells: 0 memorised, 7 levels left

rFire  . . .     SeeInvis .     r - +0 war axe
rCold  . . .     Clarity  .     p - +0 chain mail
rNeg   . . .     SustAb   .     (no shield)
rPois  .         Gourm    .     (helmet restricted)
rElec  .         Spirit   .     (no cloak)
rCorr  .         Warding  .     (no gloves)
rMut   .         Stasis   .     (no boots)
MR     ++...                    (no amulet)
Stlth  ..........               (no ring)
                                o - ring of loudness (curse)

@: regenerating, very resistant to hostile enchantments, extremely unstealthy
A: retaliatory headbutt, horns 2
a: Burn Spellbooks, Berserk, Trog's Hand, Renounce Religion


You were on level 6 of the Dungeon.
You worshipped Trog.
Trog was most pleased with you.
You were not hungry.

You visited 1 branch of the dungeon, and saw 6 of its levels.

You collected 229 gold pieces.

Inventory:

Hand weapons
 r - a +0 war axe (weapon)
Armour
 p - a +0 chain mail (worn)
Jewellery
 o - a cursed ring of loudness (left hand)
Magical devices
 s - a wand of confusion (22)
 y - a wand of lightning (8)
Scrolls
 a - a scroll of immolation {unknown}
 b - a scroll of amnesia {unknown}
 d - 2 scrolls of remove curse {unknown}
 f - 2 scrolls of enchant weapon {unknown}
 h - a scroll of fog {unknown}
 j - 2 scrolls of noise {unknown}
 k - a scroll of teleportation {unknown}
 l - 2 scrolls of identify {unknown}
 n - 3 scrolls of random uselessness {unknown}
 x - a scroll of recharging {unknown}
Potions
 e - a potion of invisibility {unknown}
 g - 2 potions of restore abilities {unknown}
 i - a potion of cure mutation {unknown}
 q - a potion of lignification {unknown}
 t - a potion of magic {unknown}
 u - a potion of curing {unknown}
 w - a potion of flight {unknown}
 A - a potion of poison {unknown}
Comestibles
 c - 4 bread rations
 m - 2 meat rations
 v - a slice of pizza


   Skills:
 - Level 3.6 Fighting
 + Level 12.0 Axes
 - Level 2.4 Armour
 - Level 2.1 Dodging


You had 7 spell levels left.
You didn't know any spells.

Dungeon Overview and Level Annotations

Branches:
Dungeon (6/15)
 Temple: D:4-7

Altars:
Cheibriados
Kikubaaqudgha
Vehumet
Yredelemnul


Innate Abilities, Weirdness & Mutations

You reflexively headbutt those who attack you in melee.
You have a pair of horns on your head.


Message History

The ogre is moderately wounded.
The ogre hits you with a giant spiked club!
You hit the ogre but do no damage. You headbutt the ogre.
The ogre is heavily wounded.
Your chain mail prevents you from hitting the ogre.
Your headbutt misses the ogre.
The ogre is heavily wounded.
The ogre hits you with a giant spiked club!!
* * * LOW HITPOINT WARNING * * *
You are too injured to fight recklessly!
You are too injured to fight recklessly!
You are too injured to fight recklessly!
You are too injured to fight recklessly!
You are too injured to fight recklessly!
Use which ability? (? or * to list)
Your skin crawls.
You feel resistant to hostile enchantments.
You feel slightly more hungry.
The ogre hits you with a giant spiked club!!
You die...

#...#.# #.#
#.#...############.#
#............^.....#
####)...........####
##.###.#####.####
#.# #.# #..... ###
#.# #.# ######
##.###.# #.#
#..O@..# #.#
##.##### #.# #.# #.#
#.# #.# # ... #.# #
#.... # ..###. # ...
.. # ..# ## #


You could see an ogre.

Vanquished Creatures
  Grinder (D:6)
  The ghost of ojifijod the Ducker, an average SpGl (D:4)
  An ogre (D:4)
  An ice beast (D:6)
  A sky beast (D:6)
  A centaur (D:5)
  A goliath beetle (D:6)
  A hound (D:4)
  3 orc priests
  A jelly (D:6)
  Crazy Yiuf (D:4)
  A centaur zombie (D:6)
  2 orc wizards (D:3)
  4 worker ants
  A centaur skeleton (D:4)
  2 iguanas
  7 adders
  3 gnolls (D:4)
  3 giant mites (D:4)
  A worm (D:4)
  An adder skeleton (D:4)
  11 orcs
  2 ball pythons
  A bat zombie (D:4)
  7 giant cockroaches
  6 hobgoblins
  2 quokkas
  7 bats
  3 giant newts
  10 goblins
  11 kobolds
  A quokka zombie (D:6)
  9 rats
  A rat zombie (D:4)
109 creatures vanquished.

Notes
Turn   | Place    | Note
--------------------------------------------------------------
     0 | D:1      | DogShitOnMyToe, the Minotaur Berserker, began the quest for the Orb.
     0 | D:1      | Reached XP level 1. HP: 19/19 MP: 1/1
   136 | D:1      | Reached skill level 4 in Axes
   451 | D:1      | Reached XP level 2. HP: 10/26 MP: 1/1
   898 | D:1      | You fall through a shaft!
  1331 | D:2      | Reached skill level 5 in Axes
  1331 | D:2      | Reached XP level 3. HP: 29/31 MP: 2/2
  1577 | D:2      | Acquired Trog's second power
  1624 | D:2      | Reached XP level 4. HP: 32/39 MP: 2/2
  1990 | D:3      | Reached skill level 6 in Axes
  2058 | D:3      | Reached XP level 5. HP: 43/45 MP: 2/2
  2059 | D:3      | Reached skill level 7 in Axes
  2480 | D:3      | You fall through a shaft for 2 floors!
  2480 | D:5      | Entered Level 5 of the Dungeon
  2481 | D:5      | Noticed a centaur
  2489 | D:5      | Killed a centaur
  2489 | D:5      | Reached skill level 8 in Axes
  2527 | D:4      | Noticed an ogre
  2530 | D:4      | Reached XP level 6. HP: 51/51 MP: 3/3
  2534 | D:4      | Killed an ogre
  2594 | D:4      | Reached skill level 9 in Axes
  2625 | D:4      | Noticed ojifijod's ghost (average SpGl)
  2639 | D:4      | Killed ojifijod's ghost
  2639 | D:4      | Reached skill level 10 in Axes
  2639 | D:4      | Reached XP level 7. HP: 57/57 MP: 3/3
  2925 | D:4      | Found a snail-covered altar of Cheibriados.
  3038 | D:4      | Noticed Crazy Yiuf
  3048 | D:4      | Killed Crazy Yiuf
  3215 | D:4      | Found a radiant altar of Vehumet.
  3306 | D:4      | Found a basalt altar of Yredelemnul.
  3365 | D:4      | Found an ancient bone altar of Kikubaaqudgha.
  3523 | D:5      | You fall through a shaft!
  3666 | D:6      | Noticed Grinder
  3674 | D:6      | Killed Grinder
  3674 | D:6      | Reached skill level 11 in Axes
  3674 | D:6      | Reached XP level 8. HP: 64/64 MP: 3/3
  3935 | D:6      | Reached skill level 12 in Axes
  3949 | D:6      | Mangled by an ogre

Action                   |  1- 3 |  4- 6 |  7- 9 || total
-------------------------+-------+-------+-------++-------
Melee: Hand axe          |    71 |     5 |       ||    76
       War axe           |       |    63 |   124 ||   187
Invok: Berserk           |       |     3 |     4 ||     7
       Trog's Hand       |       |     3 |     3 ||     6
  Eat: Chunk             |     2 |     6 |    10 ||    18
